 Dungeon Crawl Stone Soup version 0.30-a0-972-gf3ab3527aa (webtiles) character file.

Game seed: 13590243496569343913

240 Newt the Ducker (level 5, -2/63 HPs)
             Began as a Demonspawn Gladiator on Mar 31, 2023.
             Was an Initiate of Makhleb.
             Slain by a shadow (8 damage)
             ... on level 5 of the Dungeon.
             The game lasted 00:05:03 (2977 turns).

Newt the Ducker (Demonspawn Gladiator)              Turns: 2977, Time: 00:05:04

Health: -2/63      AC: 22    Str: 17    XL:     5   Next: 80%
Magic:  5/5        EV:  2    Int:  9    God:    Makhleb [......]
Gold:   205        SH:  0    Dex: 14    Spells: 4/4 levels left

rFire   . . .      SeeInvis .    l - +1 hand axe (pain)
rCold   . . .      Faith    .    (no shield)
rNeg    . . .      Spirit   .    b - melded +0 leather armour
rPois   +          Reflect  .    (helmet currently unavailable)
rElec   .          Rampage  .    (cloak currently unavailable)
rCorr   .          NoTele   +    (gloves currently unavailable)
Will    .....                    r - melded +1 pair of boots
Stlth   +                        (no amulet)
HPRegen 0.30/turn                (no ring)
MPRegen 0.09/turn                (no ring)

@: mighty, tree-form, invisible
A: stationary, stasis, torment immunity, boosted hp, (antennae 2), powered by
death 2, (deformed body), (fire resistance 1), (poison resistance), MP-powered
wands
a: Renounce Religion


You were on level 5 of the Dungeon.
You worshipped Makhleb.
Makhleb was noncommittal.
You were a tree.
You visited 2 branches of the dungeon, and saw 6 of its levels.

You collected 205 gold pieces.

Inventory:

Hand Weapons
 a - a +0 rapier
 l - a +1 hand axe of pain (weapon)
Missiles
 d - 3 throwing nets
 i - 26 stones (quivered)
 j - 4 atropa-tipped darts
Armour
 b - a +0 leather armour (melded)
 c - a +0 helmet
 r - a +1 pair of boots (melded)
Wands
 p - a wand of iceblast (13)
Scrolls
 e - a scroll of silence
 n - a scroll of magic mapping
 q - 2 scrolls of identify
 t - a scroll of brand weapon
Potions
 g - a potion of resistance
 m - a potion of mutation
 o - 2 potions of degeneration
 s - a potion of attraction


   Skills:
 - Level 4.0 Fighting
 - Level 3.5 Short Blades
 - Level 1.7 Throwing
 + Level 4.5 Dodging


You had 4 spell levels left.
You didn't know any spells.
Your spell library contained the following spells:

 Spells                   Type           Power      Damage    Failure   Level
 Sandblast                Erth           0%         2d4       38%         1
 Passwall                 Tmut/Erth      0%         N/A       52%         2
 Stone Arrow              Conj/Erth      0%         3d7       77%         3
 Summon Forest            Summ/Tloc      0%         N/A       100%        5
 Eringya's Noxious Bog    Tmut/Pois      0%         N/A       100%        6
 Summon Hydra             Summ           0%         N/A       100%        7


Dungeon Overview and Level Annotations

Branches:
Dungeon (5/15)             Temple (1/1) D:5

Altars:
Ashenzari
Dithmenos
Fedhas
Gozag
Hepliaklqana
Makhleb
Nemelex Xobeh
Okawaru
Sif Muna
Uskayaw
Xom
Yredelemnul


Innate Abilities, Weirdness & Mutations

You are a tree.
Your roots penetrate the ground, keeping you stationary.
You cannot be teleported.
You are immune to unholy pain and torment.
Your maximum health is greatly increased.
Your equipment is partially melded.
((You have a pair of antennae on your head.))
You regenerate health from kills.
((Armour fits poorly on your strangely shaped body.))
((Your flesh is heat resistant. (rF+)))
((Your system is resistant to poisons. (rPois)))
You expend magic power (3 MP) to strengthen your wands.


Message History

The shadow slips into darkness.
The shadow flickers and vanishes!
Deactivating autopickup; reactivate with Ctrl-A.
The shadow strikes at you from the darkness!
Reactivating autopickup.
You fade into invisibility!
The shadow misses you.
Unknown command.
Really quaff the potion of lignification?
You turn into a tree.
Your +1 pair of boots melds into your body.
Your +0 leather armour melds into your body.
Your roots penetrate the ground.
The shadow hits you.
You feel very mighty all of a sudden. The shadow hits you.
Unknown command.
You hit the shadow.
The shadow is moderately damaged.
The shadow hits you.
* * * LOW HITPOINT WARNING * * *
You slash the shadow!
The shadow is severely damaged.
The shadow slips into darkness.
The shadow flickers and vanishes!
Deactivating autopickup; reactivate with Ctrl-A.
You cannot move.
You cannot move.
You cannot move.
You cannot move.
You miss something.
The shadow strikes at you from the darkness!
* * * LOW HITPOINT WARNING * * *
Reactivating autopickup.
You hit the shadow.
The shadow is almost destroyed.
The shadow slips into darkness.
The shadow flickers and vanishes!
Deactivating autopickup; reactivate with Ctrl-A.
The shadow strikes at you from the darkness!
You die...

# #.....#
#####.....# #
..........# .#
..........# ..
..........# .#
.........###.#
...#.....#....#
..#########{####
....## ##♣#
#...#####..#
#........#####
#.####.........#
#.####'#########
#..#.....#
##.#.⌠.⌠.#
#.'..>).+
#.#.⌠.⌠.#


There were no monsters in sight!

Vanquished Creatures
  An ogre (D:4)
  6 adders
  A dart slug (D:1)
  14 orcs
  6 ball pythons
  6 bats
  10 endoplasms
  A giant cockroach (D:4)
  8 goblins
  6 hobgoblins
  7 jackals
  2 kobolds (D:1)
  4 quokkas
  4 frilled lizards
  7 rats
83 creatures vanquished.

Vanquished Creatures (others)
  2 fungi (D:5)
2 creatures vanquished.

Grand Total: 85 creatures vanquished

Notes
Turn   | Place    | Note
-------+----------+-------------------------------------------
     0 | D:1      | Newt the Demonspawn Gladiator began the quest for the Orb.
     0 | D:1      | Reached XP level 1. HP: 16/16 MP: 1/1
   154 | D:1      | Gained mutation: You regenerate a little health from kills.
                  | [demonic ancestry]
   154 | D:1      | Reached XP level 2. HP: 6/23 MP: 2/2
   600 | D:2      | Gained mutation: You have a pair of small antennae on your
                  | head. [demonic ancestry]
   600 | D:2      | Reached XP level 3. HP: 27/29 MP: 3/3
   907 | D:2      | Gained mutation: You regenerate health from kills. [demonic
                  | ancestry]
   907 | D:2      | Reached XP level 4. HP: 32/37 MP: 4/4
  1330 | D:3      | Gained mutation: Armour fits poorly on your strangely
                  | shaped body. [potion of mutation]
  1330 | D:3      | Gained mutation: Your system is resistant to poisons.
                  | (rPois) [potion of mutation]
  1330 | D:3      | Gained mutation: You expend magic power (3 MP) to
                  | strengthen your wands. [potion of mutation]
  1330 | D:3      | Gained mutation: Your flesh is heat resistant. (rF+)
                  | [potion of mutation]
  2423 | D:4      | Found a blossoming altar of Fedhas.
  2512 | D:4      | Gained mutation: You have a pair of antennae on your head.
                  | [demonic ancestry]
  2512 | D:4      | Reached XP level 5. HP: 42/42 MP: 5/5
  2710 | D:4      | Found a shadowy altar of Dithmenos.
  2721 | D:4      | Noticed an ogre
  2728 | D:4      | Killed an ogre
  2782 | D:4      | You fall into a shaft and drop 1 floor!
  2782 | D:5      | Entered Level 5 of the Dungeon
  2787 | D:5      | Found a staircase to the Ecumenical Temple.
  2793 | Temple   | Entered the Ecumenical Temple
  2937 | Temple   | Became a worshipper of Makhleb the Destroyer
  2961 | D:5      | Noticed a shadow
  2977 | D:5      | Slain by a shadow

Illustrated notes

Levels and vault maps discovered:
D:1:      giann_bridges, layout_rooms
D:2:      layout_basic
D:3:      minmay_recursive_quarters, layout_rooms, minmay_misc_feat_cross,
          minivault_5, grunt_decor_one_mirror
D:4:      layout_basic, grunt_dithmenos_smoke_and_mirrors, fedhas_altar_3
D:5:      layout_rooms, nicolae_wu_jian_immortal_techniques,
          minmay_temple_entry_hall, serial_aquarium,
          aquarium_bridge_island_small [aquarium_subvault_small_open,
          aquarium_subvault_wall, aquarium_subvault_bridge,
          aquarium_subvault_balcony, aquarium_subvault_bridge],
          aquarium_bridge_square [aquarium_subvault_window,
          aquarium_subvault_wall, aquarium_subvault_bridge,
          aquarium_subvault_bridge], aquarium_window_2, aquarium_window_2,
          aquarium_window_2, aquarium_view_2e, aquarium_balcony_3a,
          serial_shops, nicolae_square_shop, nicolae_shop_stone, shop,
          nicolae_shop_hallway_stairs, nicolae_lakefront_shop,
          chequers_serial_rivers_large_a, uniq_blork_the_orc
Temple:   hellmonk_temple_forest_ring

Skill      XL: |  1  2  3  4  5 |
---------------+----------------+-----
Fighting       | 3 4 |  4.0
Short Blades   | 3 |  3.5
Dodging        | 3 4 |  4.5
Throwing       | |  1.7

Action                     |  1- 3 |  4- 6 || total
---------------------------+-------+-------++-------
  Melee: Rapier            |   150 |    64 ||   214
         Hand axe          |       |    88 ||    88
  Throw: Throwing net      |     2 |       ||     2
         Javelin           |     2 |       ||     2
         Stone             |       |     8 ||     8
         Dart              |       |     3 ||     3
  Evoke: Wand              |       |     2 ||     2
    Use: Scroll            |     4 |     8 ||    12
         Potion            |       |     5 ||     5
   Stab: Sleeping          |       |     1 ||     1
 Armour: Leather armour    |    64 |    18 ||    82
         Skin              |       |     1 ||     1
  Dodge: Dodged            |   115 |   113 ||   228

Table legend: (Time is in decaauts)
 A = Elapsed time spent in this place.
 B = Non-inter-level travel time spent in this place.
 C = Inter-level travel time spent in this place.
 D = Time resting spent in this place.
 E = Time spent auto-exploring this place.
 F = Levels seen in this place.
 G = Mean time per level.
                   A        B        C        D        E       F      G
               +--------+--------+--------+--------+--------+-----+--------+
         Total |   3018 |   2874 |    144 |    384 |   1810 |   6 |  503.0 |
       Dungeon |   2866 |   2743 |    123 |    384 |   1689 |   5 |  573.2 |
        Temple |    152 |    131 |     21 |      0 |    121 |   1 |  152.0 |
               +--------+--------+--------+--------+--------+-----+--------+

Top non-repeatable levels by time:
     D:3: 951 daAuts
     D:2: 708 daAuts
     D:1: 602 daAuts
     D:4: 558 daAuts
  Temple: 152 daAuts
     D:5: 44 daAuts
